 Dungeon Crawl Stone Soup version 0.31-a0-117-g42d8f58691 (console) character file.

Game seed: 12937916798849325158

16829 Ignak the Fighter (level 12, -9/117 (123) HPs)
             Began as an Ogre Hedge Wizard on May 30, 2023.
             Was a High Priest of Okawaru.
             Killed from afar by an orc sorcerer (27 damage)
             ... with a bolt of negative energy
             ... on level 2 of the Orcish Mines on May 31, 2023.
             The game lasted 00:50:18 (17662 turns).

Ignak the Fighter (Ogre Hedge Wizard)              Turns: 17662, Time: 00:50:19

HP:   -9/117 (123)  AC:  7    Str: 19    XL:     12   Next: 41%
MP:   1/24          EV: 10    Int: 17    God:    Okawaru [*****.]
Gold: 1371          SH:  4    Dex:  8    Spells: 11/27 levels left

rFire   . . .        B - +4 giant club (spect)
rCold   . . .        (shield currently unavailable)
rNeg    . . .        g - +0 troll leather armour
rPois   +            c - +2 hat
rElec   .            (no cloak)
rCorr   .            (gloves unavailable)
SInv    .            (boots unavailable)
Will    +....        (no amulet)
Stlth   +            f - ring of poison resistance
HPRegen 1.19/turn    o - ring of wizardry
MPRegen 0.19/turn

%: wizardry (x1)
@: lightly drained
A: large, unfitting armour, tough skin 1, large bone plates 1
a: Renounce Religion, Heroism, Finesse, Duel


You were on level 2 of the Orcish Mines.
You worshipped Okawaru.
Okawaru was extremely pleased with you.
You visited 2 branches of the dungeon, and saw 12 of its levels.
You also visited: Sewer.

You collected 1371 gold pieces.

Inventory:

Hand Weapons
 w - a +1 heavy flail
 B - a +4 spectral giant club (weapon)
 D - a +2 whip of electrocution
 H - a +2 flail of draining
Missiles
 t - 46 poisoned darts (quivered)
Armour
 c - a +2 hat (worn)
 g - a +0 troll leather armour (worn)
 A - a +1 robe of fire resistance
 F - an orb of mayhem
Jewellery
 f - a ring of poison resistance (left hand)
 j - a ring of protection from fire
 o - a ring of wizardry (right hand)
 E - a ring of ice
Wands
 l - a wand of quicksilver (2)
Scrolls
 h - a scroll of fog
 i - 3 scrolls of fear
 p - a scroll of magic mapping
 q - a scroll of enchant weapon
 r - 3 scrolls of blinking
 s - 2 scrolls of silence
 y - a scroll of identify
 C - a scroll of poison
 G - a scroll of vulnerability
Potions
 a - a potion of invisibility {unknown}
 d - a potion of magic
 e - a potion of cancellation
 k - 5 potions of enlightenment
 m - 2 potions of curing
 u - 3 potions of haste
 v - a potion of resistance
 x - 2 potions of ambrosia
 z - 3 potions of might
Miscellaneous
 b - a lightning rod (4/4)


   Skills:
 + Level 9.0 Fighting
 * Level 7.7 Maces & Flails
 * Level 2.1 Armour
 + Level 6.4 Dodging
 - Level 1.4 Stealth
 - Level 1.0 Unarmed Combat
 + Level 8.3 Spellcasting
 - Level 3.0 Conjurations
 * Level 8.2 Hexes
 - Level 1.0 Summonings
 - Level 5.0 Necromancy
 - Level 3.0 Translocations
 + Level 3.6 Air Magic
 - Level 2.0 Poison Magic
 + Level 4.9 Invocations


You had 11 spell levels left.
You knew the following spells:

 Your Spells              Type           Power      Damage    Failure   Level
a - Magic Dart            Conj           68%        1d6       1%          1
b - Blink                 Tloc           34%        N/A       2%          2
c - Anguish               Hex/Necr       14%        N/A       3%          4
d - Mephitic Cloud        Conj/Pois/Air  16%        N/A       4%          3
e - Call Imp              Summ           20%        N/A       4%          2
q - Cause Fear            Hex            17%        N/A       1%          4

Your spell library contained the following spells:

 Spells                   Type           Power      Damage    Failure   Level
 Shock                    Conj/Air       72%        1d7       1%          1
 Slow                     Hex            100%       N/A       1%          1
 Cigotuvi's Dreadful Rot  Necr/Pois/Air  38%        N/A       1%          2
 Swiftness                Air            19%        N/A       3%          3
 Airstrike                Air            9%         2d(2-18)  11%         4
 Manifold Assault         Tloc           17%        N/A       14%         4
 Enfeeble                 Hex            17%        N/A       77%         7
 Storm Form               Tmut/Air       6%         N/A       100%        7


Dungeon Overview and Level Annotations

Branches:
Dungeon (10/15)            Temple (0/1) D:6             Orc (2/2) D:10
  Sewer (visited)
   Lair: D:8-11         Elf: Orc:2

Altars:
Ashenzari
Fedhas
Hepliaklqana
Makhleb
Okawaru
Ru
Trog

Annotations:
D:10 2 runed translucent doors, Mandevil's ghost, journeyman OgFi


Innate Abilities, Weirdness & Mutations

You are too large for most types of armour.
You have tough skin. (AC +1)
You are partially covered in large bone plates. (SH +4)


Message History

The orc priest attacks as you move away!
The orc priest hits you but does no damage.
An orc sorcerer comes into view. It is wielding a +0 dagger.
You completely miss the orc priest.
Your +4 spectral giant club closely misses the orc priest.
The orc sorcerer shouts!
The orc priest hits you with a +0 short sword.
The orc priest is wracked by anguish.
The orc high priest utters an invocation to Beogh.
The chaos spawn barely misses your +4 spectral giant club.
The smoke demon gestures at you. Something smites you!
* * * LOW HITPOINT WARNING * * *
Casting: Blink (safe; 2% risk of failure)
Confirm with . or Enter, or press ? or * to list all spells.
You blink.
Your +4 spectral giant club disappears.
The smoke demon gestures at you. Something smites you!
* * * LOW HITPOINT WARNING * * *
Okay, then.
Okay, then.
Unknown command.
Okay, then.
Unknown command.
Okay, then.
Unknown command.
Okay, then.
The air fills with toxic fumes!
As you read the scroll of poison, it crumbles to dust.
You feel stable enough to blink again.
The orc priest invokes the aid of Beogh against you.
Beogh smites you!
* * * LOW HITPOINT WARNING * * *
The orc priest is wracked by anguish!
The orc priest dies!
Okawaru accepts your kill.
The orc sorcerer points at you and mumbles some strange words.
The bolt of negative energy hits you!!
You feel drained.
You die...

## ##### ###
##§###§#§###§##
###§§§#§§§§§#§§§###
##§#§§§§#§§§#§§§§#.##
#.§§§§§§§§§#§§§§§...#
##.§§§§§§§§§§§§§§§...##
#..§§§§§§§@§§§§§§§....##
##.§§§§§§§§§§§§§§§.#.#.##
#..§§§§§§§§§4§§§§§......#
#.§§§§§§§o.)§§§§§......##
##.§§§§§§§§§§§§§§§.....#.##
#..§§§§§§§§§§§§§§§........#
##.§§§§§§§3344§§§§.......##
##.§§§§§§§§§§§§#§§.......#.
#...............#.......###


You could see a hellwing (summoned), a smoke demon (summoned), a neqoxec
(summoned), 2 chaos spawn and an orc sorcerer (anguished).

Vanquished Creatures
  Erolcha (D:10)
  Erica (D:8)
  The ghost of Beolor the Thaumaturge, a journeyman OpEE of Gozag (Orc:1)
  3 two-headed ogres
  A skeletal warrior (D:9)
  3 trolls
  A hornet (D:8)
  Sigmund (D:2)
  2 wraiths
  A wyvern (D:9)
  2 shadows (D:10)
  12 yaks
  Grum (D:8)
  2 two-headed ogre zombies (D:10)
  Menkaure (D:6)
  2 steam dragons
  An acid dragon (D:10)
  4 wargs
  Edmund (D:6)
  4 water moccasins
  13 orc warriors
  An ice beast (D:5)
  2 black bears (D:5)
  4 ogres
  4 wolves
  2 centaurs
  3 phantoms
  6 kobold brigands
  3 bullfrogs
  2 scorpions
  2 troll zombies (D:10)
  7 killer bees
  2 howler monkeys
  4 jellies
  A quasit (D:4)
  10 orc priests
  5 hounds
  A gnoll bouda (D:9)
  2 iguanas
  3 sleepcaps
  Jessica (D:3)
  18 orc wizards
  3 ogre zombies (D:10)
  8 gnolls
  4 adders
  3 shadow imps
  10 white imps
  An ufetubus (D:7)
  A worm (D:4)
  5 dart slugs
  42 orcs
  15 endoplasms
  12 giant cockroaches
  5 goblins
  9 hobgoblins
  2 jackals (D:3)
  13 quokkas
  15 ball pythons
  7 bats
  12 frilled lizards
  A goblin skeleton (D:10)
  A goblin zombie (D:10)
  3 hobgoblin skeletons (D:10)
  A hobgoblin zombie (D:10)
  25 kobolds
  14 orc zombies (D:10)
  3 rats
  A spectral hobgoblin (D:6)
357 creatures vanquished.

Vanquished Creatures (collateral kills)
  A bullfrog (Sewer)
  A scorpion (D:3)
  A killer bee (D:9)
  A jelly (D:5)
  An iguana (D:5)
  5 adders
  4 orcs
  3 ball pythons
  4 endoplasms (Sewer)
  2 giant cockroaches (Sewer)
  2 goblins
  A jackal (D:3)
  3 kobolds
  A quokka (Sewer)
  A bat (D:3)
  4 frilled lizards (Sewer)
35 creatures vanquished.

Vanquished Creatures (others)
  A gargoyle (D:10)
  A wyvern (D:9)
  2 yaks (D:9)
  A vampire mosquito (D:10)
  A water moccasin (D:8)
  3 orc warriors
  An ogre (Orc:1)
  2 centaurs (D:8)
  A gnoll bouda (D:8)
  4 orc priests
  3 orc wizards
  4 gnolls
  3 orcs
  A kobold (D:10)
28 creatures vanquished.

Grand Total: 420 creatures vanquished

Notes
Turn   | Place    | Note
-------+----------+-------------------------------------------
     0 | D:1      | Ignak the Ogre Hedge Wizard began the quest for the Orb.
     0 | D:1      | Reached XP level 1. HP: 16/16 MP: 5/5
    51 | D:1      | Found a faded altar of an unknown god.
    91 | D:1      | Reached skill level 1 in Translocations
   140 | D:1      | Reached skill level 1 in Conjurations
   140 | D:1      | Reached skill level 1 in Summonings
   158 | D:1      | Reached XP level 2. HP: 15/26 MP: 6/6
   164 | D:1      | Learned a level 2 spell: Blink
   167 | D:1      | Learned a level 2 spell: Call Imp
   565 | D:1      | Reached XP level 3. HP: 31/32 MP: 8/8
   571 | D:1      | Learned a level 3 spell: Mephitic Cloud
   830 | D:2      | You fall into a shaft and drop 2 floors!
   894 | D:5      | Entered Level 5 of the Dungeon
  1008 | D:5      | Noticed a water moccasin
  1011 | D:5      | Reached skill level 1 in Fighting
  1019 | D:5      | Killed a water moccasin
  1020 | D:5      | Reached skill level 1 in Maces & Flails
  1020 | D:5      | Reached skill level 1 in Unarmed Combat
  1020 | D:5      | Reached XP level 4. HP: 25/42 MP: 2/10
  1020 | D:5      | Reached XP level 5. HP: 29/49 MP: 2/11
  1022 | D:5      | Reached skill level 1 in Poison Magic
  1131 | D:5      | Reached skill level 1 in Air Magic
  1194 | D:5      | Reached skill level 2 in Fighting
  1499 | D:5      | Found a burning altar of Makhleb.
  1499 | D:5      | Noticed a black bear
  1593 | D:5      | Found a glowing drain.
  1610 | Sewer    | Entered a sewer
  1677 | Sewer    | Reached XP level 6. HP: 48/57 MP: 12/12
  2045 | Sewer    | Reached XP level 7. HP: 14/66 MP: 6/13
  2715 | D:3      | Learned a level 4 spell: Anguish
  2770 | D:3      | Reached skill level 3 in Fighting
  3532 | D:2      | Noticed Sigmund
  3549 | D:2      | Killed Sigmund
  3550 | D:2      | Reached skill level 1 in Hexes
  4021 | D:3      | Noticed Jessica
  4128 | D:3      | Killed Jessica
  4449 | D:3      | Found a blossoming altar of Fedhas.
  4740 | D:3      | Reached skill level 1 in Necromancy
  4740 | D:3      | Reached XP level 8. HP: 42/75 MP: 15/15
  5050 | D:4      | Reached skill level 5 in Spellcasting
  5218 | D:4      | Found a bloodstained altar of Trog.
  6008 | D:5      | Reached skill level 4 in Fighting
  6298 | D:5      | Found a broken altar of Ashenzari.
  7187 | D:5      | Reached XP level 9. HP: 67/87 MP: 7/17
  7324 | D:5      | Gained mutation: You are partially covered in large bone
                  | plates. (SH +4) [potion of mutation]
  7416 | D:6      | Reached skill level 5 in Fighting
  7873 | D:6      | Learned a level 4 spell: Cause Fear
  7922 | D:6      | Noticed Edmund
  7940 | D:6      | Killed Edmund
  8189 | D:6      | Found a staircase to the Ecumenical Temple.
  8335 | D:6      | Noticed Menkaure
  8341 | D:6      | Killed Menkaure
  8607 | D:6      | Identified the +2 pair of gloves of Xotonnae {rCorr Str-5
                  | Dex+3 Slay+3}
  8806 | D:6      | Found a hazy altar of Hepliaklqana.
  9306 | D:7      | Reached skill level 6 in Fighting
  9308 | D:7      | HP: 4/89 [poisoned by a water moccasin]
 10074 | D:7      | Reached skill level 5 in Hexes
 10207 | D:7      | Found an iron altar of Okawaru.
 10213 | D:7      | Became a worshipper of Warmaster Okawaru
 10665 | D:8      | Noticed a hornet
 10694 | D:8      | Killed a hornet
 10695 | D:8      | Reached XP level 10. HP: 86/98 MP: 13/19
 10968 | D:8      | Reached * piety under Okawaru
 11005 | D:8      | Reached skill level 5 in Dodging
 11113 | D:8      | Noticed Erica
 11114 | D:8      | Reached skill level 5 in Maces & Flails
 11136 | D:8      | Killed Erica
 11136 | D:8      | Reached ** piety under Okawaru
 11137 | D:8      | Reached skill level 1 in Invocations
 11203 | D:8      | Reached skill level 7 in Fighting
 11212 | D:8      | Noticed Grum
 11634 | D:8      | Killed Grum
 12206 | D:8      | Reached *** piety under Okawaru
 12585 | D:8      | Noticed a two-headed ogre
 12646 | D:8      | Killed a two-headed ogre
 12647 | D:8      | Reached XP level 11. HP: 84/110 MP: 3/22
 13521 | D:9      | Reached **** piety under Okawaru
 14122 | D:9      | Reached skill level 8 in Fighting
 14868 | D:10     | Entered Level 10 of the Dungeon
 14889 | D:10     | Identified a scroll of acquirement
 14891 | D:10     | Acquired a +4 spectral giant club
 14906 | D:10     | Found a sacrificial altar of Ru.
 15002 | D:10     | Noticed a skeletal warrior
 15184 | D:9      | Killed a skeletal warrior
 15314 | D:10     | Found a runed translucent door.
 15314 | D:10     | Noticed a necromancer
 15314 | D:10     | Noticed a skeletal warrior
 15315 | D:10     | Noticed an orc knight
 15315 | D:10     | Noticed a lich
 15316 | D:10     | Noticed a frost giant
 15317 | D:10     | Noticed Mandevil's ghost (journeyman OgFi)
 15318 | D:10     | Noticed a skeletal warrior
 15318 | D:10     | Noticed a centaur warrior
 15321 | D:10     | Found a runed translucent door.
 15379 | D:10     | Noticed a two-headed ogre
 15380 | D:10     | Reached skill level 5 in Necromancy
 15386 | D:10     | Noticed a two-headed ogre
 15393 | D:10     | Received a gift from Okawaru
 15647 | D:10     | Killed a two-headed ogre
 15738 | D:10     | Noticed Erolcha
 15766 | D:10     | Reached ***** piety under Okawaru
 16055 | D:10     | Killed Erolcha
 16211 | D:10     | Found a staircase to the Orcish Mines.
 16226 | D:10     | Killed a two-headed ogre
 16227 | D:10     | Reached XP level 12. HP: 68/122 MP: 16/24
 16265 | D:10     | Reached skill level 1 in Armour
 16441 | Orc:1    | Entered Level 1 of the Orcish Mines
 16570 | Orc:2    | Entered Level 2 of the Orcish Mines
 17012 | Orc:1    | Found a runed translucent door.
 17132 | Orc:1    | Noticed Beolor's ghost (journeyman OpEE)
 17144 | Orc:1    | Killed Beolor's ghost
 17145 | Orc:1    | Reached skill level 9 in Fighting
 17467 | Orc:2    | Received a gift from Okawaru
 17629 | Orc:2    | Noticed an orc high priest
 17631 | Orc:2    | Noticed a soul eater
 17662 | Orc:2    | Killed from afar by an orc sorcerer

Illustrated notes

Levels and vault maps discovered:
D:1:      onia_arrival_pyramid, layout_basic, hellmonk_ecumenical_altar_lost_god
D:2:      layout_loops_corners, uniq_sigmund
D:3:      minmay_evil_eye, layout_loops_ring, amcnicky_altar_gilded,
          uniq_jessica
D:4:      layout_cave_pools, trog_antimagical, serial_demonic, serial_demonic_a,
          serial_demonic_e, serial_demonic_e, serial_demonic_d,
          minmay_misc_feat_four_crosses, cheibrodos_gnoll_hut
D:5:      layout_basic, nicolae_ashenzari_skybound, lemuel_tele_altar,
          gup_sewer_entry_pipe, hellmonk_bongcloud_opening
D:6:      minmay_skewed_foursquare, layout_basic,
          nicolae_hepliaklqana_monster_ancestors,
          minmay_temple_entry_from_below_a, st_stairs_7, uniq_edmund,
          uniq_menkaure
D:7:      layout_basic, mainiacjoe_overflow_small_starburst,
          uniq_crazy_yiuf_cottage
D:8:      minmay_four_partial_circles, layout_basic, uniq_erica, uniq_grum
D:9:      kennysheep_blocky_hall, layout_basic,
          eino_small_chamber_without_monster
D:10:     layout_roguey, mainiacjoe_overflow_boulevard, zombieorc2_lemuel,
          muffindrake_ghost_dual_entry, grunt_tough_drop, uniq_erolcha
Orc:1:    layout_diamond_mine, ebering_ghost_inner_flame
Orc:2:    st_orc_mages, layout_caves, basic_altar, elf_legates

Skill      XL: |  1  2  3  4  5  6  7  8  9 10 11 12 |
---------------+-------------------------------------+-----
Translocations | 1 2 3 |  3.0
Conjurations   | 1 2 3 |  3.0
Summonings     | 1 |  1.0
Dodging        | 2 3 4 5 6 |  6.4
Fighting       | 1 2 3 4 6 7 8 9 |  9.0
Maces & Flails | 1 2 3 4 6 7 |  7.7
Unarmed Combat | 1 |  1.0
Spellcasting   | 4 5 6 7 8 |  8.3
Poison Magic   | 1 2 |  2.0
Air Magic      | 1 2 3 |  3.6
Hexes          | 1 3 5 6 7 8 |  8.2
Necromancy     | 1 2 3 4 5 |  5.0
Invocations    | 2 4 |  4.9
Armour         | 2 |  2.1
Stealth        | |  1.4

Action                     |  1- 3 |  4- 6 |  7- 9 | 10-12 || total
---------------------------+-------+-------+-------+-------++-------
  Melee: Flail             |    60 |   109 |   502 |   209 ||   880
         Dagger            |     6 |       |       |       ||     6
         Punch             |       |       |     5 |     4 ||     9
         Whip              |       |       |    58 |    44 ||   102
         Giant club        |       |       |       |   219 ||   219
  Throw: Dart              |       |       |     1 |     7 ||     8
         Javelin           |       |       |    16 |     7 ||    23
   Cast: Blink             |     3 |       |     8 |    14 ||    25
         Call Imp          |     2 |    15 |    35 |       ||    52
         Mephitic Cloud    |     1 |     5 |    25 |    56 ||    87
         Magic Dart        |       |     1 |       |       ||     1
         Anguish           |       |       |     2 |    76 ||    78
         Cause Fear        |       |       |       |     1 ||     1
 Invoke: Heroism           |       |       |       |     1 ||     1
  Evoke: Wand              |     2 |       |     5 |     1 ||     8
    Use: Scroll            |     3 |       |    10 |     7 ||    20
         Potion            |       |       |    16 |     1 ||    17
   Stab: Sleeping          |     5 |     1 |       |       ||     6
         Distracted        |     1 |       |     3 |       ||     4
         Confused          |       |       |     8 |    16 ||    24
 Armour: Robe              |    30 |    47 |   209 |    25 ||   311
         Steam dragon scal |       |       |       |    85 ||    85
         Troll leather arm |       |       |       |    65 ||    65
  Dodge: Dodged            |    41 |    86 |   325 |   284 ||   736
  Block: Other             |       |       |    37 |    90 ||   127

Table legend: (Time is in decaauts)
 A = Elapsed time spent in this place.
 B = Non-inter-level travel time spent in this place.
 C = Inter-level travel time spent in this place.
 D = Time resting spent in this place.
 E = Time spent auto-exploring this place.
 F = Levels seen in this place.
 G = Mean time per level.
                   A        B        C        D        E       F      G
               +--------+--------+--------+--------+--------+-----+--------+
         Total |  17954 |  17652 |    302 |   5098 |   6538 |  13 | 1381.1 |
       Dungeon |  16085 |  15797 |    288 |   4542 |   6162 |  10 | 1608.5 |
  Orcish Mines |   1239 |   1226 |     13 |    339 |    376 |   2 |  619.5 |
         Sewer |    630 |    630 |      0 |    217 |      0 |   1 |  630.0 |
               +--------+--------+--------+--------+--------+-----+--------+

Top non-repeatable levels by time:
     D:5: 2351 daAuts
     D:8: 2280 daAuts
     D:9: 2214 daAuts
     D:7: 1689 daAuts
     D:6: 1686 daAuts
     D:3: 1444 daAuts
    D:10: 1251 daAuts
     D:2: 1189 daAuts
     D:4: 1161 daAuts
     D:1: 816 daAuts
   Orc:1: 652 daAuts
   Sewer: 630 daAuts
   Orc:2: 586 daAuts
